 Dungeon Crawl Stone Soup version 0.31-a0-983-g7b6862f502 (webtiles) character file.

Game seed: 16971848277343338994

34 gruber the Slasher (level 3, -3/19 HPs)
             Began as a Vine Stalker Fighter on Nov 2, 2023.
             Killed from afar by Natasha (9 damage)
             ... with a puff of flame
             ... on level 2 of the Dungeon.
             The game lasted 00:00:32 (1214 turns).

gruber the Slasher (Vine Stalker Fighter)           Turns: 1214, Time: 00:00:33

Health: -3/19      AC:  6    Str: 18    XL:     3   Next: 31%
Magic:  0/4        EV:  9    Int:  8    God:
Gold:   54         SH:  5    Dex: 15    Spells: 2/2 levels left

rFire   . . .        a - +0 long sword
rCold   . . .        c - +0 buckler
rNeg    . . .        b - +0 scale mail
rPois   .            (no helmet)
rElec   .            (no cloak)
rCorr   .            (no gloves)
SInv    .            (no boots)
Will    .....        (no amulet) Stlth
                     (no ring)
HPRegen 1.03/turn    (no ring)
MPRegen 0.09/turn

%: guardian spirit
@: no status effects
A: fangs 2, regeneration 1, magic shield, antimagic bite, no potion heal 2
a: no special abilities


You were on level 2 of the Dungeon.
You visited 1 branch of the dungeon, and saw 2 of its levels.

You collected 54 gold pieces.

Inventory:

Hand Weapons
 a - a +0 long sword (weapon)
Armour
 b - a +0 scale mail (worn)
 c - a +0 buckler (worn)
Scrolls
 f - a scroll of blinking {unknown}
 g - a scroll of enchant weapon {unknown}
 h - a scroll of immolation {unknown}
 i - a scroll of revelation {unknown}
 j - a scroll of acquirement {unknown}
 k - a scroll of identify {unknown}
Potions
 d - 2 potions of might
 e - a potion of berserk rage {unknown}


   Skills:
 - Level 2.6 Fighting
 + Level 3.3 Long Blades
 - Level 2.4 Armour
 - Level 2.6 Shields


You had 2 spell levels left.
You didn't know any spells.
Your spell library contained the following spells:

 Spells                   Type           Power      Damage    Failure   Level
 Magic Dart               Conj           0%         1d3       87%         1
 Call Imp                 Summ           0%         N/A       95%         2
 Mephitic Cloud           Conj/Pois/Air  0%         N/A       99%         3


Dungeon Overview and Level Annotations

Branches:
Dungeon (2/15)

Altars:

Annotations:
D:2 Natasha


Innate Abilities, Weirdness & Mutations

You have extremely sharp teeth.
Your natural rate of healing is unusually fast.
When hurt, damage is shared between your health and your magic reserves.
Your bite disrupts and absorbs the magic of your enemies.
Potions cannot restore your health.


Message History

Key pressed, stopping explore.
No target in view!
You now have 54 gold pieces (gained 12).
Key pressed, stopping explore.
No target in view!
Found a stone staircase leading down.
No target in view!
Key pressed, stopping explore.
No target in view!
Key pressed, stopping explore.
No target in view!
Natasha, Servant of Life and Death comes into view.
She is carrying a wand of flame.
Natasha hisses angrily.
You closely miss Natasha. Natasha barely misses you.
Natasha is nearby!
You closely miss Natasha. You bite Natasha, but do no damage.
Natasha zaps a wand.
The puff of flame hits you!
Natasha is nearby!
You barely miss Natasha. Your bite misses Natasha. Natasha claws you.
Natasha completely misses you.
Natasha is nearby!
You are too injured to fight recklessly!
You are too injured to fight recklessly!
Natasha is nearby!
You miss Natasha.
Natasha mumbles some strange words.
You hit Natasha but do no damage.
Natasha zaps a wand.
The puff of flame hits you.
You closely miss Natasha. Your bite misses Natasha.
Natasha completely misses you.
The cerulean imp hits you from afar with a +2 spear.
* * * LOW HITPOINT WARNING * * *
Unknown command.
Unknown command.
You closely miss Natasha.
Natasha mumbles some strange words.
The cerulean imp barely misses you.
Natasha zaps a wand.
The puff of flame hits you!
You die...
Natasha begins licking her fur clean.

# #. .## .5 #.
...###h####
.....5.@..#
....##.##.##### . #.
#.....# .. #####.#
#########.#
#.......# #.#######
..>#######.##....#
#.......##.##.##.###


You could see Natasha and 2 cerulean imps.

Vanquished Creatures
  A dart slug (D:1)
  6 endoplasms (D:1)
  5 goblins
  4 hobgoblins (D:1)
  2 quokkas (D:1)
  A ball python (D:1)
  2 bats (D:1)
  2 frilled lizards (D:1)
  4 kobolds
27 creatures vanquished.

Notes
Turn   | Place    | Note
-------+----------+-------------------------------------------
     0 | D:1      | gruber the Vine Stalker Fighter began the quest for the
                  | Orb.
     0 | D:1      | Reached XP level 1. HP: 11/11 MP: 2/2
    59 | D:1      | Reached skill level 2 in Long Blades
   197 | D:1      | Reached XP level 2. HP: 15/16 MP: 1/3
   370 | D:1      | Reached skill level 3 in Long Blades
   540 | D:1      | Reached XP level 3. HP: 19/19 MP: 2/4
  1207 | D:2      | Noticed Natasha
  1214 | D:2      | Killed from afar by Natasha

Illustrated notes

Levels and vault maps discovered:
D:1:      mainiacjoe_arrival_reflecting_pool, layout_basic,
          minmay_small_reverse_x
D:2:      layout_basic, uniq_natasha

Skill      XL: |  1  2 |
---------------+-------+-----
Long Blades    | 2 3 |  3.3
Fighting       | |  2.6
Armour         | |  2.4
Shields        | |  2.6

Action                     || total
---------------------------++-------
  Melee: Long sword        ||    79
         Bite              ||    10
 Armour: Scale mail        ||    46
  Dodge: Dodged            ||    49
  Block: Buckler           ||    14

Table legend: (Time is in decaauts)
 A = Elapsed time spent in this place.
 B = Non-inter-level travel time spent in this place.
 C = Inter-level travel time spent in this place.
 D = Time resting spent in this place.
 E = Time spent auto-exploring this place.
 F = Levels seen in this place.
 G = Mean time per level.
                   A        B        C        D        E       F      G
               +--------+--------+--------+--------+--------+-----+--------+
         Total |   1237 |   1201 |     36 |      0 |   1014 |   2 |  618.5 |
       Dungeon |   1237 |   1201 |     36 |      0 |   1014 |   2 |  618.5 |
               +--------+--------+--------+--------+--------+-----+--------+

Top non-repeatable levels by time:
     D:1: 1013 daAuts
     D:2: 224 daAuts
